 Dungeon Crawl Stone Soup version 0.27-a0-1118-ga84896973d (webtiles) character file.

Game seed: 5021507600708847487

2020 Froggeryz the Insei (level 9, -5/71 HPs)
             Began as a Vampire Brigand on May 2, 2021.
             Was an Elder of Nemelex Xobeh.
             Slain by a killer bee (8 damage)
             ... on level 7 of the Dungeon.
             The game lasted 00:10:58 (4827 turns).

Froggeryz the Insei (Vampire Brigand)               Turns: 4827, Time: 00:10:59

Health: -5/71      AC:  4    Str: 12 (13) XL:     9   Next: 3%
Magic:  12/12      EV: 11    Int: 17 (18) God:    Nemelex Xobeh [****..]
Gold:   245        SH:  5    Dex: 11      Spells: 8/8 levels left

rFire    + + +     SeeInvis +     - Unarmed
rCold    . . .     Faith    .   (no shield)
rNeg     . . .     Spirit   .   b - +0 robe
rPois    .         Reflect  +   (no helmet)
rElec    +         Harm     .   t - scarf {shadows}
rCorr    .         Rampage  .   (no gloves)
Will     .....                  h - +1 pair of boots {Fly}
Stlth    +++.......             q - amulet "Donyz" {Reflect rElec rF++ Int+4 Dex-4 SH+5}
HPRegen  0.41/turn              o - ring of wizardry
MPRegen  0.13/turn              (no ring)

@: unable to read, flying, healing quickly
A: alive, fangs 3, see invisible, unbreathing 1, vampiric 2, deterioration 1,
fire resistance 1, inability to read while threatened, MP-powered wands
a: Exsanguinate, Renounce Religion, Draw Escape, Draw Destruction, Draw
Summoning, Triple Draw, Deal Four


You were on level 7 of the Dungeon.
You worshipped Nemelex Xobeh.
Nemelex Xobeh was greatly pleased with you.
You visited 1 branch of the dungeon, and saw 7 of its levels.

You collected 245 gold pieces.

Inventory:

Hand Weapons
 g - a +0 mace
 n - a +2 dagger of draining
Missiles
 d - 29 poisoned darts (quivered)
 e - 4 curare-tipped darts
Armour
 b - a +0 robe (worn)
 h - a +1 pair of boots of flying (worn)
 t - a scarf of shadows (worn)
Jewellery
 o - a ring of wizardry (left hand)
 p - a ring of ice
 q - the amulet "Donyz" (around neck) {Reflect rElec rF++ Int+4 Dex-4 SH+5}
   (You found it on level 5 of the Dungeon)

   [amulet of reflection]

   It reflects blocked missile attacks.
   It affects your intelligence (+4).
   It affects your dexterity (-4).
   It greatly protects you from fire.
   It insulates you from electricity.
   It affects your SH (+5).
Scrolls
 c - 2 scrolls of identify
Potions
 a - a potion of brilliance
 f - 2 potions of might {unknown}
 i - 2 potions of attraction {unknown}
 j - a potion of heal wounds {unknown}
 k - a potion of resistance
 m - 3 potions of flight
 r - 2 potions of haste


   Skills:
 - Level 6.4 Fighting
 - Level 2.1 Short Blades
 - Level 1.5 Throwing
 + Level 1.7 Armour
 - Level 1.1 Dodging
 - Level 7.0 Stealth
 * Level 7.6 Unarmed Combat
 - Level 5.0 Invocations


You had 8 spell levels left.
You didn't know any spells.
Your spell library contained the following spells:

 Spells                   Type           Power      Damage    Failure   Level
 Animate Skeleton         Necr           0%         N/A       10%         1
 Beastly Appendage        Tmut           0%         N/A       10%         1
 Foxfire                  Conj/Fire      0%         2x1d4     10%         1
 Pain                     Necr           0%         1d4       10%         1
 Wereblood                Tmut           0%         N/A       14%         2
 Confusing Touch          Hex            0%         N/A       26%         3
 Conjure Flame            Conj/Fire      0%         6-21      26%         3
 Gell's Gravitas          Tloc           0%         N/A       26%         3
 Inner Flame              Hex/Fire       0%         N/A       26%         3
 Spider Form              Tmut/Pois      0%         N/A       26%         3
 Vampiric Draining        Necr           0%         2d6       26%         3
 Animate Dead             Necr           0%         N/A       65%         4
 Ice Form                 Ice/Tmut       0%         N/A       65%         4
 Petrify                  Tmut/Erth      0%         N/A       65%         4
 Sticky Flame             Conj/Fire      0%         2d3       65%         4
 Agony                    Necr           0%         N/A       92%         5
 Fireball                 Conj/Fire      0%         3d3       92%         5
 Hydra Form               Tmut           0%         N/A       92%         5
 Metabolic Englaciation   Hex/Ice        0%         N/A       92%         5
 Yara's Violent Unravell  Hex/Tmut       0%         3d3       92%         5


Dungeon Overview and Level Annotations

Branches:
Dungeon (7/15)             Temple (0/1) D:6

Altars:
Nemelex Xobeh

Shops:
D:7 :


Innate Abilities, Weirdness & Mutations

Your natural rate of healing is accelerated.
You have razor-sharp teeth.
You have supernaturally acute eyesight. (SInv)
You can survive without breathing.
You are afflicted with vampirism and can become a bat while bloodless.
Your body sometimes deteriorates upon taking damage.
Your flesh is heat resistant. (rF+)
You sometimes lose the ability to read scrolls when taking damage.
You expend magic power (3 MP) to strengthen your wands.


Message History

You hit the killer bee.
The killer bee is heavily wounded.
You feel sick. The killer bee stings you. The hound barely misses you.
The killer bee stings you.
You are more poisoned.
The killer bee poisons you!
You hit the killer bee.
The killer bee is almost dead.
You can read scrolls again.
You feel very sick. The killer bee barely misses you.
The hound bites you but does no damage.
You miss the killer bee. Your bite misses the killer bee.
The killer bee is almost dead.
You feel very sick. The killer bee closely misses you. The hound misses you.
The killer bee stings you.
* * * LOW HITPOINT WARNING * * *
The hound bites you.
* * * LOW HITPOINT WARNING * * *
You barely miss the killer bee.
The killer bee is almost dead.
* * * LOW HITPOINT WARNING * * *
You feel very sick.
The killer bee stings you but does no damage.
The hound bites you but does no damage. The killer bee stings you.
You feel threatened and lose the ability to read scrolls!
* * * LOW HITPOINT WARNING * * *
You are more poisoned.
The killer bee poisons you!
You feel better. You block the killer bee's attack. The hound bites you.
* * * LOW HITPOINT WARNING * * *
An orc comes into view. It is wielding a +0 club.
The killer bee stings you.
* * * LOW HITPOINT WARNING * * *
Unknown command.
You draw a card...
You have drawn the Tomb.
Nothing appears to happen.
The hound barely misses you. The killer bee barely misses you.
The hound closely misses you. The killer bee stings you!
You die...
Your body glows slightly and disappears.

.....# #....#
.......
.##....o#...
....y...#..# ## .#
.∩#...#y#..# .#..#
......#@#!.##.#..#
......#h#..#.....#
.h...............#
...####...........
###..........#
.............#
######........>.
............###
.........####


You could see a hound, a killer bee and an orc (wandering).

Vanquished Creatures
  A wyvern (D:6)
  A fire bat (D:5)
  A water moccasin (D:5)
  A black bear (D:5)
  2 sky beasts (D:6)
  2 ogres
  A swamp drake (D:4)
  2 phantoms (D:5)
  2 bullfrogs (D:6)
  A scorpion (D:4)
  A wyvern skeleton (D:5)
  Dowan (D:6)
  2 killer bees
  A bullfrog zombie (D:6)
  An orc priest (D:4)
  2 jellies (D:4)
  A centaur skeleton (D:6)
  2 hounds (D:6)
  2 iguanas
  2 orc wizards
  A hound skeleton (D:4)
  3 gnolls (D:2)
  6 adders
  A white imp (D:6)
  An ufetubus (D:5)
  An adder skeleton (D:4)
  5 dart slugs
  11 orcs
  9 bats
  6 endoplasms
  2 giant cockroaches
  11 goblins
  7 hobgoblins
  12 jackals
  8 ball pythons
  4 frilled lizards
  5 kobolds
  5 rats
  A butterfly (D:6)
128 creatures vanquished.

Vanquished Creatures (collateral kills)
  2 killer bees (D:7)
2 creatures vanquished.

Vanquished Creatures (others)
  7 toadstools (D:1)
7 creatures vanquished.

Grand Total: 137 creatures vanquished

Notes
Turn   | Place    | Note
-------+----------+-------------------------------------------
     0 | D:1      | Froggeryz the Vampire Brigand began the quest for the Orb.
     0 | D:1      | Reached XP level 1. HP: 16/16 MP: 1/1
    98 | D:1      | Found a faded altar of an unknown god.
   109 | D:1      | Became a worshipper of Nemelex Xobeh the Trickster
   109 | D:1      | Reached * piety under Nemelex Xobeh
   109 | D:1      | Received a gift from Nemelex Xobeh
   126 | D:1      | Reached XP level 2. HP: 16/23 MP: 2/2
   659 | D:1      | Gained mutation: You are afflicted with vampirism and can
                  | become a bat while bloodless. [Vampire growth]
   659 | D:1      | Reached XP level 3. HP: 28/28 MP: 3/3
   858 | D:2      | Reached XP level 4. HP: 31/35 MP: 4/4
  1111 | D:2      | Reached ** piety under Nemelex Xobeh
  1797 | D:3      | Received a gift from Nemelex Xobeh
  2174 | D:4      | Noticed a scorpion
  2176 | D:4      | Killed a scorpion
  2177 | D:4      | Reached skill level 1 in Unarmed Combat
  2177 | D:4      | Reached skill level 1 in Invocations
  2177 | D:4      | Reached XP level 5. HP: 40/42 MP: 5/5
  2235 | D:4      | Received a gift from Nemelex Xobeh
  2333 | D:4      | Noticed a swamp drake
  2333 | D:4      | a scorpion changed into a swamp drake
  2337 | D:4      | Killed a swamp drake
  2338 | D:4      | Reached XP level 6. HP: 49/49 MP: 7/7
  2363 | D:4      | Reached *** piety under Nemelex Xobeh
  2390 | D:4      | Received a gift from Nemelex Xobeh
  2473 | D:4      | Reached skill level 5 in Fighting
  2726 | D:5      | Entered Level 5 of the Dungeon
  2812 | D:5      | Noticed a water moccasin
  2817 | D:5      | Noticed a fire bat
  2817 | D:5      | a water moccasin changed into a fire bat
  2817 | D:5      | Noticed a water moccasin
  2817 | D:5      | an ogre changed into a water moccasin
  2822 | D:5      | Gained mutation: Your body sometimes deteriorates upon
                  | taking damage. [potion of mutation]
  2822 | D:5      | Gained mutation: You expend magic power (3 MP) to
                  | strengthen your wands. [potion of mutation]
  2822 | D:5      | Gained mutation: You sometimes lose the ability to read
                  | scrolls when taking damage. [potion of mutation]
  2822 | D:5      | Gained mutation: Your flesh is heat resistant. (rF+)
                  | [potion of mutation]
  2829 | D:5      | Killed a water moccasin
  2830 | D:5      | Reached XP level 7. HP: 42/56 MP: 8/8
  2845 | D:5      | Killed a fire bat
  3005 | D:5      | Identified the amulet "Donyz" {Reflect rElec rF++ Int+4
                  | Dex-4 SH+5}
  3446 | D:5      | Reached XP level 8. HP: 65/65 MP: 10/10
  3525 | D:6      | Found a staircase to the Ecumenical Temple.
  3525 | D:6      | Noticed Duvessa
  3525 | D:6      | Noticed Dowan
  3533 | D:6      | Killed Dowan
  3534 | D:6      | Reached skill level 5 in Unarmed Combat
  3537 | D:6      | Noticed Duvessa
  3537 | D:6      | Duvessa changed into Duvessa the killer bee
  3552 | D:6      | Killed Duvessa the killer bee
  3677 | D:6      | Received a gift from Nemelex Xobeh
  4023 | D:6      | Reached skill level 1 in Armour
  4180 | D:6      | Reached skill level 5 in Invocations
  4400 | D:6      | Reached **** piety under Nemelex Xobeh
  4765 | D:7      | Received a gift from Nemelex Xobeh
  4769 | D:7      | Reached XP level 9. HP: 71/71 MP: 12/12
  4808 | D:7      | Found Ugaoschoi's Book Shop.
  4826 | D:7      | HP: 3/71 [killer bee (5)]
  4827 | D:7      | Slain by a killer bee

Illustrated notes

Levels and vault maps discovered:
D:1:      nagdon_arrival_zigzag_paths, layout_basic, basic_ecumenical_altar
D:2:      layout_basic, serial_aquarium, aquarium_bridge_long_joined
          [aquarium_subvault_window, aquarium_subvault_window,
          aquarium_subvault_window, aquarium_subvault_wall,
          aquarium_subvault_bridge, aquarium_subvault_bridge],
          aquarium_bridge_square [aquarium_subvault_bridge,
          aquarium_subvault_wall, aquarium_subvault_bridge,
          aquarium_subvault_window], aquarium_window_fake, aquarium_window_1,
          aquarium_window_fake, aquarium_view_2b, aquarium_balcony_3a,
          aquarium_pool_split, kennysheep_nub, grunt_decor_junction,
          minmay_fountain_box, guppyfry_early_orc_mine
D:3:      layout_basic, corner_web_ring, minmay_crystal_room
D:4:      cheibrodos_pilgrimage, layout_cave_pools
D:5:      layout_basic, hangedman_decor_opposing
D:6:      layout_rooms, minmay_temple_entry_butterflies, st_stairs_12,
          grunt_decor_resistance, uniq_duvessa
D:7:      layout_basic, serial_shops, shop

Skill      XL: |  1  2  3  4  5  6  7  8 |
---------------+-------------------------+-----
Fighting       | 2 3 4 5 6 |  6.4
Stealth        | 6 7 |  7.0
Unarmed Combat | 1 2 4 7 |  7.6
Invocations    | 1 2 3 5 |  5.0
Armour         | 1 |  1.7
Short Blades   | |  2.1
Throwing       | |  1.5
Dodging        | |  1.1

Action                   |  1- 3 |  4- 6 |  7- 9 || total
-------------------------+-------+-------+-------++-------
Melee: Dagger            |    75 |   190 |   134 ||   399
       Bite              |     7 |    14 |    17 ||    38
       Punch             |       |     1 |     3 ||     4
       Unarmed           |       |       |    28 ||    28
Invok: Draw Destruction  |     2 |     6 |    12 ||    20
       Draw Escape       |       |       |     3 ||     3
       Draw Summoning    |       |       |     1 ||     1
  Use: Scroll            |       |     4 |     8 ||    12
       Potion            |       |     2 |     1 ||     3
 Stab: Sleeping          |     9 |    13 |     8 ||    30
Armor: Robe              |    14 |    52 |    41 ||   107
Dodge: Dodged            |    33 |   127 |   104 ||   264
Block: Other             |       |       |    32 ||    32
       Reflection        |       |       |     1 ||     1

Table legend: (Time is in decaauts)
 A = Elapsed time spent in this place.
 B = Non-inter-level travel time spent in this place.
 C = Inter-level travel time spent in this place.
 D = Time resting spent in this place.
 E = Time spent auto-exploring this place.
 F = Levels seen in this place.
 G = Mean time per level.
                   A        B        C        D        E       F      G
               +--------+--------+--------+--------+--------+-----+--------+
         Total |   4779 |   4629 |    150 |    411 |   3180 |   7 |  682.7 |
       Dungeon |   4779 |   4629 |    150 |    411 |   3180 |   7 |  682.7 |
               +--------+--------+--------+--------+--------+-----+--------+

Top non-repeatable levels by time:
     D:2: 953 daAuts
     D:6: 946 daAuts
     D:5: 879 daAuts
     D:1: 825 daAuts
     D:4: 546 daAuts
     D:3: 373 daAuts
     D:7: 254 daAuts
